 Dungeon Crawl Stone Soup version 0.13.1-28-g3517093 (webtiles) character file.

1429 CrazyArbalest the Bolt Thrower (level 8, -1/56 HPs)
             Began as a Demonspawn Hunter on Mar 20, 2014.
             Killed by divine providence
             ... invoked by an orc priest
              (11 damage)
             ... while paralysed by a potion of paralysis
             ... on Level 6 of the Dungeon.
             The game lasted 00:45:59 (5339 turns).

CrazyArbalest the Bolt Thrower (Demonspawn Hunter)  Turns: 5339, Time: 00:46:29

HP  -1/56        AC 14     Str 19      XL: 8   Next: 17%
MP   7/7         EV  2     Int 12      God:
Gold 263         SH  0     Dex 20      Spells:  0 memorised,  7 levels left

Res.Fire  : . . .   See Invis. : .   a - +0,+2 whip (elec)
Res.Cold  : . . .   Warding    : .   Y - +0 orc ring mail (curse)
Life Prot.: . . .   Conserve   : .   (no shield)
Res.Poison: .       Res.Corr.  : .   (helmet restricted)
Res.Elec. : .       Clarity    : .   W - +1 cloak
Sust.Abil.: . .     Spirit.Shd : .   (no gloves)
Res.Mut.  : .       Stasis     : .   q - +0 pair of boots
Res.Rott. : .       Flight     : .   (no amulet)
Saprovore : . . .                    (no ring)
                                     (no ring)

@: paralysed, mighty, agile, very slightly contaminated, hasted, slightly
resistant to hostile enchantments, stealthy
A: antennae 2, powered by death 1, powered by pain 1, AC +6
a: no special abilities


You were on level 6 of the Dungeon.
You were hungry.

You visited 1 branch of the dungeon, and saw 6 of its levels.

You collected 243 gold pieces.

Inventory:

Hand weapons
 a - a +0,+2 whip of electrocution (weapon)
 b - a +1,+1 crossbow
 w - a +0,+2 whip
 H - a +0,+0 hammer
 N - a +2,+2 flail
 R - a +0,+0 whip
 S - a +0,+0 whip
Missiles
 c - 26 bolts
 y - 2 bolts of flame
Armour
 d - a +0 orcish robe of fire resistance
 q - a +0 pair of boots (worn)
 W - a +1 cloak (worn)
 Y - a cursed +0 orcish ring mail (worn)
Magical devices
 k - a wand of random effects (15)
 p - a wand of slowing (11) {unknown}
 G - a wand of disintegration (13)
 X - a wand of fireball (4) {unknown}
Comestibles
 f - 2 bread rations
 m - a rambutan
 u - a beef jerky
 C - an apricot
 L - a pear
 M - a meat ration
Scrolls
 e - a scroll of amnesia
 o - a scroll of enchant armour
 s - 2 scrolls of fog {unknown}
 v - 2 scrolls of blinking
 x - a scroll of enchant weapon I (quivered)
 I - a scroll of noise
 K - a scroll of identify
 P - a scroll of curse armour {unknown}
 U - a scroll of magic mapping {unknown}
Jewellery
 V - an uncursed ring of fire {unknown}
 Z - a +1 ring of strength {unknown}
Potions
 r - a potion of cure mutation {unknown}
 z - a potion of confusion {unknown}
 A - a potion of brilliance {unknown}
 B - a potion of slowing {unknown}
 D - a potion of resistance {unknown}
 J - a potion of curing {unknown}
 T - a potion of restore abilities {unknown}
Books
 t - a book of Alchemy

   Spells                             Type                      Level
   Lethal Infusion                    Charms/Necromancy            2
   Sublimation of Blood               Necromancy                   2
   Condensation Shield                Ice                          4
   Alistair's Intoxication            Transmutation/Poison         4
   Petrify                            Transmutation/Earth          4
   Ignite Poison                      Fire/Transmutation           5
Carrion
 i - a sky beast corpse


   Skills:
 + Level 1.6 Fighting
 * Level 3.7 Maces & Flails
 + Level 6.0 Crossbows
 + Level 1.0 Armour
 + Level 5.9 Dodging
 + Level 2.0 Stealth


You had 7 spell levels left.
You didn't know any spells.

Dungeon Overview and Level Annotations

Branches:
Dungeon (6/27)
 Temple: D:4-7          Orc: D:6-11

Altars:
Fedhas
Kikubaaqudgha


Innate Abilities, Weirdness & Mutations

You have a pair of antennae on your head.
You are mostly covered in iridescent scales (AC +6).
You can steal the life force of nearby defeated enemies.
You sometimes gain a little power by taking damage.


Message History

The warg bites you. The warg claws you. The warg claws you but does no damage.
An orc comes into view. It is wielding an orcish whip.
The human shouts!
The orc priest hits you with a runed orcish dagger.
You are electrocuted!
The orc moves out of view.
The warg completely misses you. The warg claws you but does no damage.
The warg claws you but does no damage.
The orc priest shouts!
The warg bites you but does no damage. The warg claws you but does no damage.
The warg barely misses you.
The orc priest invokes the aid of Beogh against you.
Something smites you!
* * * LOW HITPOINT WARNING * * *
An orc wizard comes into view. It is wielding an orcish dagger.
The orc shouts!
The warg completely misses you. The warg claws you but does no damage.
The warg claws you but does no damage.
The orc priest calls down the wrath of Beogh upon you.
Something smites you!
You die...

#.# ######## #.#
........# #.#
........# #.#
....!..# #.# #
......# #.# ...
#....####.#
......##.........#
....o.oh@........#
....@..og........#
.o....o##.......#


oo..... #.......# .o................. ...............### ....##........# ...
#......... ....####.. You could see an orc warrior, a human, a warg, 2 orc
priests, an orc wizard (wandering), 4 orcs and a hobgoblin.

Vanquished Creatures
  Edmund (D:5)
  An ogre (D:3)
  2 sky beasts (D:5)
  A centaur (D:4)
  Sigmund (D:3)
  A gnoll shaman (D:4)
  A hound (D:5)
  2 jellies
  Crazy Yiuf (D:3)
  An orc wizard (D:6)
  2 iguanas (D:5)
  5 worker ants (D:4)
  Ijyb (D:2)
  4 gnolls (D:4)
  11 adders
  A giant eyeball (D:5)
  4 giant geckos
  An orc (D:4)
  21 bats
  9 giant cockroaches
  11 goblins
  8 hobgoblins
  14 jackals
  11 kobolds
  4 quokkas
  4 ball pythons
  A giant gecko skeleton (D:4)
  2 giant newts
  2 orc skeletons (D:4)
  6 rats
  A rat skeleton (D:4)
135 creatures vanquished.

Notes
Turn   | Place    | Note
--------------------------------------------------------------
     0 | D:1      | CrazyArbalest, the Demonspawn Hunter, began the quest for the Orb.
     0 | D:1      | Reached XP level 1. HP: 16/16 MP: 0/0
   363 | D:1      | Reached skill level 4 in Crossbows
   366 | D:1      | Gained mutation: You can steal the life force of nearby defeated enemies. [demonic ancestry]
   366 | D:1      | Reached XP level 2. HP: 22/22 MP: 1/1
  1010 | D:2      | Gained mutation: You are partially covered in iridescent scales (AC +4). [demonic ancestry]
  1010 | D:2      | Reached XP level 3. HP: 22/27 MP: 2/2
  1029 | D:2      | Noticed Ijyb
  1320 | D:2      | Reached skill level 1 in Stealth
  2002 | D:1      | Gained mutation: You have a pair of small antennae on your head. [demonic ancestry]
  2002 | D:1      | Reached XP level 4. HP: 29/33 MP: 3/3
  2065 | D:2      | Killed Ijyb
  2065 | D:2      | Reached skill level 1 in Maces & Flails
  2334 | D:3      | Noticed Sigmund
  2479 | D:3      | Noticed an ogre
  2588 | D:3      | Killed an ogre
  2588 | D:3      | Reached XP level 5. HP: 38/38 MP: 4/4
  2936 | D:3      | Killed Sigmund
  2936 | D:3      | Reached skill level 5 in Crossbows
  2936 | D:3      | Gained mutation: You are mostly covered in iridescent scales (AC +6). [demonic ancestry]
  2936 | D:3      | Reached XP level 6. HP: 31/44 MP: 5/5
  3111 | D:3      | Noticed Crazy Yiuf
  3118 | D:3      | Killed Crazy Yiuf
  3778 | D:4      | Gained mutation: You have a pair of antennae on your head. [demonic ancestry]
  3778 | D:4      | Reached XP level 7. HP: 50/50 MP: 6/6
  4170 | D:4      | Found a blossoming altar of Fedhas.
  4170 | D:4      | Found an ancient bone altar of Kikubaaqudgha.
  4396 | D:5      | Entered Level 5 of the Dungeon
  4445 | D:5      | Noticed Edmund
  4554 | D:5      | Killed Edmund
  4554 | D:5      | Reached skill level 5 in Dodging
  4774 | D:5      | Paralysed by a giant eyeball for 4 turns
  5125 | D:5      | Reached skill level 1 in Armour
  5125 | D:5      | Gained mutation: You sometimes gain a little power by taking damage. [demonic ancestry]
  5125 | D:5      | Reached XP level 8. HP: 56/56 MP: 7/7
  5316 | D:6      | Reached skill level 6 in Crossbows
  5333 | D:6      | Paralysed by a potion of paralysis for 6 turns
  5339 | D:6      | Killed from afar by an orc priest

Action                   |  1- 3 |  4- 6 |  7- 9 || total
-------------------------+-------+-------+-------++-------
Melee: Short sword       |    43 |       |       ||    43
       Whip              |    95 |   166 |   121 ||   382
 Fire: Crossbow          |    31 |    61 |    58 ||   150
Evoke: Wand              |       |     1 |     5 ||     6
  Use: Scroll            |       |       |     6 ||     6
       Potion            |       |       |     3 ||     3
 Stab: Sleeping          |       |     1 |     1 ||     2
